 Dungeon Crawl Stone Soup version 0.21.1-1-g345015f (webtiles) character file.

72 Supreme the Digger (level 4, 0/24 HPs)
             Began as a Gargoyle Earth Elementalist on Apr 16, 2018.
             Slain by Grinder (2 damage)
             ... on level 3 of the Dungeon.
             The game lasted 00:14:37 (1256 turns).

Supreme the Digger (Gargoyle Earth Elementalist)    Turns: 1256, Time: 00:14:38

Health: 0/24       AC:  5    Str: 11    XL:     4   Next: 25%
Magic:  0/7        EV: 12    Int: 17    God:
Gold:   177        SH:  0    Dex: 10    Spells: 1/7 levels left

rFire    . . .     SeeInvis .   u - +0 flail
rCold    . . .     Gourm    .   (no shield)
rNeg     + . .     Faith    .   c - +0 robe
rPois    ∞         Spirit   .   (no helmet)
rElec    +         Reflect  .   (no cloak)
rCorr    .         Harm     .   (no gloves)
MR       .....                  (no boots)
Stlth    ++........             (no amulet)
HPRegen  0.08/turn              (no ring)
MPRegen  0.10/turn              (no ring)

@: very slightly contaminated
A: negative energy resistance 1, electricity resistance, unbreathing,
petrification resistance, rot immunity, AC +3
a: no special abilities


You were on level 3 of the Dungeon.
You were not hungry.

You visited 1 branch of the dungeon, and saw 3 of its levels.

You collected 177 gold pieces.

Inventory:

Hand Weapons
 i - a +0 hunting sling
 k - a +0 club
 l - a +0 short sword
 t - a +0 spear
 u - a +0 flail (weapon)
Missiles
 b - 64 stones (quivered)
 o - 54 arrows
Armour
 c - a +0 robe (worn)
Jewellery
 j - an uncursed ring of ice
Wands
 w - a wand of random effects (14)
Scrolls
 a - a scroll of enchant weapon {unknown}
 g - a scroll of enchant armour {unknown}
 n - a scroll of blinking {unknown}
 q - 2 scrolls of identify {unknown}
 v - a scroll of immolation {unknown}
Potions
 f - a potion of agility {unknown}
 m - 2 potions of heal wounds
 p - 2 potions of mutation {unknown}
 r - a potion of haste {unknown}
Books
 e - a book of Geomancy

   Spells                             Type                      Level
   a - Sandblast                      Earth                        1
   b - Passwall                       Transmutation/Earth          2
   c - Stone Arrow                    Conjuration/Earth            3
   d - Petrify                        Transmutation/Earth          4
   e - Lee's Rapid Deconstruction     Earth                        5
 s - a book of Maledictions

   Spells                             Type                      Level
   a - Corona                         Hexes                        1
   b - Ensorcelled Hibernation        Hexes/Ice                    2
   c - Confuse                        Hexes                        3
   d - Tukima's Dance                 Hexes                        3
   e - Dazzling Spray                 Conjuration/Hexes            3
Comestibles
 d - 4 rations
 h - a chunk of flesh


   Skills:
 + Level 0.2 Fighting
 + Level 1.9 Dodging
 + Level 2.7 Stealth
 + Level 2.4 Spellcasting
 + Level 0.8 Transmutations
 * Level 5.0 Earth Magic


You had one spell level left.
You knew the following spells:

 Your Spells              Type           Power        Failure   Level  Hunger
a - Sandblast             Erth           ###...       2%          1    #......
b - Passwall              Tmut/Erth      ##........   9%          2    ##.....
c - Stone Arrow           Conj/Erth      ##....       21%         3    ###....


Dungeon Overview and Level Annotations

Branches:
Dungeon (3/15)

Altars:
Elyvilon

Annotations:
D:2 Sigmund
D:3 Grinder


Innate Abilities, Weirdness & Mutations

You are resistant to torment.
Your stone body is resilient. (AC +3)
You are immune to poison.
You resist negative energy. (rN+)
You are resistant to electric shocks. (rElec)
You can survive without breathing.
You are immune to petrification.
You are immune to rotting.


Message History

Casting: Sandblast
Confirm with . or Enter, or press ? or * to list all spells.
Aiming: Sandblast
Press: ? - help, Shift-Dir - straight line, f/p - Grinder
Aim: Grinder (severely wounded)
The blast of sand hits Grinder.
Grinder is almost dead.
b - 65 stones Grinder drinks a potion.
Grinder is healed!
Casting: Sandblast
Confirm with . or Enter, or press ? or * to list all spells.
Aiming: Sandblast
Press: ? - help, Shift-Dir - straight line, f/p - Grinder
Aim: Grinder (lightly wounded)
The blast of sand misses Grinder.
b - 64 stones Grinder hits you!
* * * LOW HITPOINT WARNING * * *
You writhe in agony.
You die...

###### .....## #####
....... #...# .......
###...# ..... #.....#
...# #....###5..#
#......@...#..
#....#>.[......
####.#......... ..
#.#.#.....###.#.#####
###...#................
#...............##.....
#.........#.....##.....
#.......#.#.....##.....
#...............##.....


You could see Grinder.

Vanquished Creatures
  3 adders (D:3)
  2 dart slugs (D:1)
  4 leopard geckos
  An orc (D:3)
  3 goblins
  4 hobgoblins
  4 jackals (D:3)
  4 kobolds (D:1)
  A quokka (D:2)
  3 bats
  A frilled lizard (D:1)
  6 rats
36 creatures vanquished.

Notes
Turn   | Place    | Note
-------+----------+-------------------------------------------
     0 | D:1      | Supreme the Gargoyle Earth Elementalist began the quest for the Orb.
     0 | D:1      | Reached XP level 1. HP: 10/10 MP: 3/3
     6 | D:1      | Noticed a lindwurm
     6 | D:1      | Noticed a salamander
     7 | D:1      | Noticed a polar bear
     7 | D:1      | Noticed a komodo dragon
    96 | D:1      | Reached skill level 4 in Earth Magic
   112 | D:1      | Reached XP level 2. HP: 15/15 MP: 0/5
   116 | D:1      | Learned a level 2 spell: Passwall
   503 | D:2      | Reached XP level 3. HP: 17/19 MP: 6/6
   508 | D:2      | Learned a level 3 spell: Stone Arrow
   514 | D:2      | Found a white marble altar of Elyvilon.
   679 | D:2      | Noticed Sigmund
   998 | D:3      | Reached skill level 5 in Earth Magic
   998 | D:3      | Reached XP level 4. HP: 22/24 MP: 4/7
  1236 | D:3      | Noticed Grinder
  1256 | D:3      | Slain by Grinder

Skill      XL: |  1  2  3 |
---------------+----------+-----
Earth Magic    | 4 5 |  5.0
Fighting       | |  0.2
Dodging        | |  1.9
Stealth        | |  2.7
Spellcasting   | |  2.4
Transmutations | |  0.8

Action                   |  1- 3 |  4- 6 || total
-------------------------+-------+-------++-------
Melee: Short sword       |    36 |       ||    36
       Flail             |     4 |    29 ||    33
 Cast: Sandblast         |    23 |     7 ||    30
       Passwall          |     5 |       ||     5
 Stab: Sleeping          |     5 |       ||     5
  Eat: Chunk             |     1 |     1 ||     2
Armor: Robe              |     7 |    13 ||    20
Dodge: Dodged            |    34 |    28 ||    62
